 Dungeon Crawl Stone Soup version 0.28-a0-1518-gbe868bca14 (webtiles) character file.

Game seed: 4130177970967312413

135 anonymouscript the Magician (level 4, -4/31 HPs)
             Began as a Demonspawn Hedge Wizard on Jan 17, 2022.
             Killed from afar by a white imp (8 damage)
             ... with a puff of frost
             ... on level 6 of the Dungeon.
             The game lasted 00:16:48 (2972 turns).

anonymouscript the Magician (DsWz)                  Turns: 2972, Time: 00:16:48

Health: -4/31      AC:  6    Str: 11    XL:     4   Next: 97%
Magic:  10/10      EV: 13    Int: 17    God:
Gold:   117        SH:  0    Dex: 18    Spells: 7/11 levels left

rFire   . . .      SeeInvis +   a - +0 dagger
rCold   . . .      Faith    .   (no shield)
rNeg    . . .      Spirit   .   b - +0 robe
rPois   .          Reflect  .   k - +2 hat
rElec   .          Harm     .   (no cloak)
rCorr   .          Rampage  .   (no gloves)
Will    .....                   (no boots)
Stlth   ++........              o - amulet of magic regeneration
HPRegen 0.10/turn               e - ring of see invisible
MPRegen 0.52/turn               r - +6 ring of dexterity

@: no status effects
A: demonic guardian 1, sharp scales 2
a: no special abilities


You were on level 6 of the Dungeon.
You visited 1 branch of the dungeon, and saw 6 of its levels.

You collected 117 gold pieces.

Inventory:

Hand Weapons
 a - a +0 dagger (weapon)
Armour
 b - a +0 robe (worn)
 k - a +2 hat (worn)
Jewellery
 e - a ring of see invisible (left hand)
 o - an amulet of magic regeneration (around neck)
 r - a +6 ring of dexterity (right hand)
Scrolls
 f - a scroll of magic mapping {unknown}
 g - a scroll of noise {unknown}
 h - a scroll of fear {unknown}
 i - a scroll of blinking {unknown}
 m - a scroll of teleportation {unknown}
 q - a scroll of amnesia {unknown}
Potions
 c - a potion of resistance {unknown}
 d - 2 potions of berserk rage {unknown}
 j - a potion of mutation {unknown}
 l - a potion of might {unknown}
 n - a potion of invisibility {unknown}
 p - 2 potions of curing {unknown}


   Skills:
 + Level 0.6 Fighting
 + Level 1.2 Short Blades
 + Level 2.3 Dodging
 + Level 2.5 Stealth
 + Level 4.0 Spellcasting
 + Level 1.6 Conjurations
 + Level 0.6 Hexes
 + Level 1.0 Summonings
 + Level 0.8 Translocations


You had 7 spell levels left.
You knew the following spells:

 Your Spells              Type           Power      Damage    Failure   Level
a - Magic Dart            Conj           36%        1d4       8%          1
b - Slow                  Hex            20%        N/A       12%         1
c - Blink                 Tloc           12%        N/A       17%         2

Your spell library contained the following spells:

 Spells                   Type           Power      Damage    Failure   Level
 Foxfire                  Conj/Fire      24%        2x1d5     11%         1
 Call Imp                 Summ           6%         N/A       16%         2
 Conjure Flame            Conj/Fire      6%         6-21      32%         3
 Mephitic Cloud           Conj/Pois/Air  5%         N/A       36%         3
 Inner Flame              Hex/Fire       4%         N/A       38%         3
 Flame Wave               Conj/Fire      6%         2d4       73%         4
 Hailstorm                Conj/Ice       6%         3d4       73%         4
 Cause Fear               Hex            2%         N/A       77%         4
 Ice Form                 Ice/Tmut       3%         N/A       83%         4
 Summon Mana Viper        Hex/Summ       6%         N/A       97%         5
 Simulacrum               Ice/Necr       1%         N/A       100%        6
 Summon Cactus Giant      Summ           3%         N/A       100%        6


Dungeon Overview and Level Annotations

Branches:
Dungeon (6/15)
 Temple: D:4-7

Altars:
Gozag


Innate Abilities, Weirdness & Mutations

A weak demonic guardian rushes to your aid.
You are mostly covered in razor-sharp scales. (AC +2, Slay +2)


Message History

Your quasit closely misses the white imp.
Your quasit claws the white imp but does no damage.
The white imp hits your quasit. The white imp freezes your quasit.
Your quasit resists.
Your quasit bites the white imp but does no damage.
Your quasit claws the white imp.
Your quasit closely misses the white imp.
You completely miss the white imp.
The white imp is moderately wounded.
The white imp gestures at you. The puff of frost hits you.
Your quasit barely misses the white imp.
Your quasit closely misses the white imp.
Your quasit claws the white imp.
You closely miss the white imp.
The white imp is heavily wounded.
The white imp barely misses you.
Your quasit barely misses the white imp. x2
Your quasit claws the white imp.
You closely miss the white imp.
The white imp is heavily wounded.
Your quasit barely misses the white imp.
Your quasit claws the white imp but does no damage. x2
The white imp misses your quasit.
You hit the white imp.
The white imp is severely wounded.
Your quasit barely misses the white imp. x2
Your quasit claws the white imp.
The white imp gestures at you. The puff of frost hits you!
* * * LOW HITPOINT WARNING * * *
A demonic guardian appears!
Your quasit bites the white imp but does no damage.
Your quasit claws the white imp but does no damage.
Your quasit closely misses the white imp.
You hit the white imp but do no damage.
The white imp is severely wounded.
The white imp gestures at you. The puff of frost hits you!
You die...

... ..# ..# #####.#
######.#.#.###
.............
##...#.#.####
#.@........<#
#..55#.#.#.##.......#
#..5.#.#.#.##.#.#....
#....#.#.#....#.# ..
#.#..#.#.###### #
#.#..#.#.. # ####.###
..#


You could see a white imp (ally target), a friendly quasit (summoned) and a
friendly ufetubus (summoned).

Vanquished Creatures
  3 gnolls (D:2)
  4 adders
  2 dart slugs
  An orc (D:3)
  2 ball pythons
  7 endoplasms
  3 giant cockroaches
  7 goblins
  5 hobgoblins
  4 quokkas (D:1)
  6 bats
  5 frilled lizards
  5 kobolds
  2 rats
56 creatures vanquished.

Vanquished Creatures (collateral kills)
  A white imp (D:5)
1 creature vanquished.

Vanquished Creatures (others)
  A plant (D:1)
1 creature vanquished.

Grand Total: 58 creatures vanquished

Notes
Turn   | Place    | Note
-------+----------+-------------------------------------------
     0 | D:1      | anonymouscript the Demonspawn Hedge Wizard began the quest
                  | for the Orb.
     0 | D:1      | Reached XP level 1. HP: 13/13 MP: 4/4
    69 | D:1      | Learned a level 1 spell: Slow
   185 | D:1      | Gained mutation: You are partially covered in razor-sharp
                  | scales. (AC +1, Slay +1) [demonic ancestry]
   185 | D:1      | Reached XP level 2. HP: 16/19 MP: 1/6
   850 | D:3      | Gained mutation: You are mostly covered in razor-sharp
                  | scales. (AC +2, Slay +2) [demonic ancestry]
   850 | D:3      | Reached XP level 3. HP: 23/24 MP: 8/8
  1045 | D:2      | Got Vantoab's Collected Works on Bewitching Creation
  1656 | D:2      | Learned a level 2 spell: Blink
  2127 | D:2      | Gained mutation: A weak demonic guardian rushes to your
                  | aid. [demonic ancestry]
  2127 | D:2      | Reached XP level 4. HP: 30/30 MP: 9/9
  2266 | D:2      | Reached skill level 4 in Spellcasting
  2666 | D:3      | Reached skill level 1 in Short Blades
  2709 | D:3      | Found an opulent altar of Gozag.
  2768 | D:3      | You fall into a shaft and drop 1 floor!
  2791 | D:4      | Noticed a necrophage
  2800 | D:5      | Entered Level 5 of the Dungeon
  2914 | D:5      | Noticed an ice beast
  2972 | D:6      | Killed from afar by a white imp

Illustrated notes

Levels and vault maps discovered:
D:1:      minmay_arrival_checkered_box, layout_rooms, amcnicky_mini_pool_small,
          serial_bayou_pond_b
D:2:      layout_loops_ring
D:3:      layout_rooms, mainiacjoe_overflow_alcove_1,
          minmay_randomly_rotated_circles
D:4:      layout_basic, minmay_temple_entry_junction
D:5:      layout_basic, pf_guarded_unrand_delatra, uniq_duvessa
D:6:      layout_basic, serial_curves, eino_curves_03, eino_curves_02,
          eino_curves_01, eino_curves_02

Skill      XL: |  1  2  3  4 |
---------------+-------------+-----
Dodging        | 2 |  2.3
Stealth        | 2 |  2.5
Spellcasting   | 4 |  4.0
Short Blades   | 1 |  1.2
Fighting       | |  0.6
Conjurations   | |  1.6
Hexes          | |  0.6
Summonings     | |  1.0
Translocations | |  0.8

Action                   |  1- 3 |  4- 6 || total
-------------------------+-------+-------++-------
Melee: Dagger            |   105 |    70 ||   175
       Punch             |       |     2 ||     2
 Cast: Magic Dart        |    58 |    12 ||    70
       Slow              |     5 |     9 ||    14
 Stab: Sleeping          |     3 |     1 ||     4
Armor: Robe              |    36 |    14 ||    50
Dodge: Dodged            |    81 |    37 ||   118

Table legend: (Time is in decaauts)
 A = Elapsed time spent in this place.
 B = Non-inter-level travel time spent in this place.
 C = Inter-level travel time spent in this place.
 D = Time resting spent in this place.
 E = Time spent auto-exploring this place.
 F = Levels seen in this place.
 G = Mean time per level.
                   A        B        C        D        E       F      G
               +--------+--------+--------+--------+--------+-----+--------+
         Total |   2974 |   2915 |     59 |    539 |   1422 |   6 |  495.7 |
       Dungeon |   2974 |   2915 |     59 |    539 |   1422 |   6 |  495.7 |
               +--------+--------+--------+--------+--------+-----+--------+

Top non-repeatable levels by time:
     D:2: 1527 daAuts
     D:1: 904 daAuts
     D:3: 340 daAuts
     D:5: 151 daAuts
     D:4: 30 daAuts
     D:6: 18 daAuts
